 Dungeon Crawl Stone Soup version 0.28.0-47-ge53b351184 (webtiles) character file.

Game seed: 2013413132524851029

52 H0rd4k the Magician (level 3, 0/19 HPs)
             Began as a Deep Elf Hedge Wizard on May 2, 2022.
             Succumbed to an adder's poison
             ... on level 2 of the Dungeon.
             The game lasted 00:01:31 (1369 turns).

H0rd4k the Magician (Deep Elf Hedge Wizard)         Turns: 1369, Time: 00:01:31

Health: 0/19       AC:  2    Str:  5 (7)  XL:     3   Next: 60%
Magic:  3/12       EV: 12    Int: 19 (20) God:
Gold:   23         SH:  0    Dex: 11 (14) Spells: 4/13 levels left

rFire   . . .      SeeInvis .   a - +0 dagger
rCold   . . .      Faith    .   (no shield)
rNeg    . . .      Spirit   .   b - +0 robe
rPois   .          Reflect  .   c - +0 hat
rElec   .          Harm     .   (no cloak)
rCorr   .          Rampage  .   (no gloves)
Will    .....                   (no boots)
Stlth   ++........              (no amulet)
HPRegen 0.06/turn               (no ring)
MPRegen 0.13/turn               (no ring)

@: lethally poisoned (0 -> -3), on berserk cooldown, very slightly contaminated,
hasted and slowed
A: no striking features
a: no special abilities


You were on level 2 of the Dungeon.
You visited 1 branch of the dungeon, and saw 2 of its levels.

You collected 23 gold pieces.

Inventory:

Hand Weapons
 a - a +0 dagger (weapon)
Armour
 b - a +0 robe (worn)
 c - a +0 hat (worn)
Jewellery
 k - an amulet of magic regeneration
Scrolls
 f - 2 scrolls of identify {unknown}
 g - a scroll of noise {unknown}
 h - a scroll of fear {unknown}
Potions
 d - a potion of degeneration
 j - a potion of heal wounds {unknown}


   Skills:
 + Level 0.3 Short Blades
 + Level 2.7 Dodging
 - Level 2.4 Stealth
 + Level 5.7 Spellcasting
 + Level 2.0 Conjurations
 + Level 1.1 Summonings
 + Level 1.1 Translocations


You had 4 spell levels left.
You knew the following spells:

 Your Spells              Type           Power      Damage    Failure   Level
a - Magic Dart            Conj           52%        1d5       4%          1
b - Blink                 Tloc           18%        N/A       11%         2
c - Conjure Flame         Conj/Fire      9%         6-21      22%         3
d - Mephitic Cloud        Conj/Pois/Air  8%         N/A       26%         3

Your spell library contained the following spells:

 Spells                   Type           Power      Damage    Failure   Level
 Call Imp                 Summ           9%         N/A       11%         2
 Slow                     Hex            20%        N/A       12%         1
 Animate Dead             Necr           2%         N/A       75%         4
 Borgnjor's Vile Clutch   Necr/Erth      2%         N/A       97%         5
 Death Channel            Necr           2%         N/A       100%        6


Dungeon Overview and Level Annotations

Branches:
Dungeon (2/15)

Altars:

Annotations:
D:1 exclusion: downstairs
D:2 Natasha


Message History

The magic dart hits the adder.
The adder is almost dead.
The adder barely misses you. The adder bites you.
You are poisoned.
The adder poisons you!
You miscast Magic Dart.
You are very lightly contaminated with residual magic.
Nothing appears to happen.
You feel sick. The adder bites you.
You are more poisoned.
The adder poisons you!
You miscast Magic Dart.
Nothing appears to happen.
You feel sick. The adder bites you.
You are lethally poisoned!
The adder poisons you!
The magic dart hits the adder.
You kill the adder!
You feel very sick.
You feel sick.
It was a potion of degeneration.
There was something very wrong with that liquid.
You feel weakened.
You feel dopey.
You feel clumsy.
* * * LOW HITPOINT WARNING * * *
You feel sick.
It was a potion of berserk rage.
A red film seems to cover your vision as you go berserk!
You feel yourself moving faster!
You feel mighty!
* * * LOW HITPOINT WARNING * * *
You feel sick.
You are too berserk!
Unknown command.
You feel a strong urge to attack something.
* * * LOW HITPOINT WARNING * * *
You feel sick.
* * * LOW HITPOINT WARNING * * *
You feel sick.
You feel your anger nearly subside.
You are no longer berserk.
You are exhausted.
You feel yourself slow down.
It was a potion of haste.
You feel yourself speed up.
You die...

.?........ #
#.._##... #.#⌠..
#..#.# #.#..
#..#.#
#####...####..#.#
.......$......#.#
######.######.#.#
#. #.#.# #S #@#.#
#. #.†.# #. ##..#
#. #..# #.
#..######.#
#######..........
#......<.######.#
.....##### .###


There were no monsters in sight!

Vanquished Creatures
  2 adders (D:2)
  4 endoplasms (D:1)
  A giant cockroach (D:1)
  3 goblins (D:1)
  4 hobgoblins (D:1)
  3 jackals (D:1)
  2 kobolds (D:1)
  A quokka (D:1)
  2 ball pythons (D:1)
  3 bats (D:1)
  3 frilled lizards (D:1)
  3 rats
31 creatures vanquished.

Notes
Turn   | Place    | Note
-------+----------+-------------------------------------------
     0 | D:1      | H0rd4k the Deep Elf Hedge Wizard began the quest for the
                  | Orb.
     0 | D:1      | Reached XP level 1. HP: 10/10 MP: 7/7
   105 | D:2      | Noticed Natasha
   194 | D:1      | Reached skill level 5 in Spellcasting
   230 | D:1      | Reached XP level 2. HP: 15/15 MP: 7/10
   930 | D:1      | Reached XP level 3. HP: 19/19 MP: 9/12
   933 | D:1      | Learned a level 2 spell: Blink
   937 | D:1      | Learned a level 3 spell: Conjure Flame
   941 | D:1      | Learned a level 3 spell: Mephitic Cloud
  1343 | D:2      | Found a faded altar of an unknown god.
  1369 | D:2      | Succumbed to an adder's poison

Illustrated notes

Levels and vault maps discovered:
D:1:      dpeg_arrival_solitude, layout_basic, hangedman_decor_points,
          minmay_misc_feat_pillars, chequers_serial_rivers_large_a,
          chequers_serial_rivers_micro_c, dk_noncrumbling_4
D:2:      layout_loops_ring, ebering_ecumenical_altar_abandoned, uniq_terence,
          uniq_natasha

Skill      XL: |  1  2  3 |
---------------+----------+-----
Spellcasting   | 5 |  5.7
Conjurations   | 2 |  2.0
Short Blades   | |  0.3
Dodging        | |  2.7
Stealth        | |  2.4
Summonings     | |  1.1
Translocations | |  1.1

Action                   || total
-------------------------++-------
Melee: Dagger            ||    11
 Cast: Magic Dart        ||    80
  Use: Potion            ||     3
Armor: Robe              ||     4
Dodge: Dodged            ||    15
